 Dungeon Crawl Stone Soup version 0.26.0-10-g1f06aea511 (webtiles) character file.

Game seed: 4374870674239546938

410 Amaterasu the Skirmisher (level 6, -2/40 HPs)
             Began as a Gargoyle Fighter on Jan 25, 2021.
             Killed by divine providence
             ... invoked by an orc priest
              (11 damage)
             ... on level 4 of the Dungeon.
             The game lasted 00:04:38 (3911 turns).

Amaterasu the Skirmisher (Gargoyle Fighter)         Turns: 3911, Time: 00:04:39

Health: -2/40      AC: 18    Str: 22    XL:     6   Next: 89%
Magic:  6/6        EV:  4    Int:  8    God:
Gold:   228        SH:  9    Dex:  9    Spells: 5/5 levels left

rFire    . . .     SeeInvis .   a - +1 flail
rCold    . . .     Faith    .   c - +0 kite shield
rNeg     + . .     Spirit   .   b - +1 plate armour
rPois    ∞         Reflect  .   (no helmet)
rElec    +         Harm     .   k - +0 cloak
rCorr    .         Rampage  .   (no gloves)
Will     .....                  (no boots)
Stlth    ..........             (no amulet)
HPRegen  0.13/turn              (no ring)
MPRegen  0.10/turn              (no ring)

@: mighty
A: negative energy resistance 1, electricity resistance, unbreathing,
petrification resistance, miasma immunity, AC +4
a: no special abilities


You were on level 4 of the Dungeon.
You visited 1 branch of the dungeon, and saw 4 of its levels.

You collected 228 gold pieces.

Inventory:

Hand Weapons
 a - a +1 flail (weapon)
Armour
 b - a +1 plate armour (worn)
 c - a +0 kite shield (worn)
 k - a +0 cloak (worn)
Scrolls
 g - 2 scrolls of remove curse
 h - a scroll of amnesia {unknown}
 j - a scroll of identify
 m - a scroll of enchant weapon
Potions
 e - 3 potions of curing
 f - a potion of flight
 i - a potion of lignification {unknown}
 l - 3 potions of mutation {unknown}


   Skills:
 * Level 5.5 Fighting
 - Level 5.0 Maces & Flails
 * Level 3.9 Armour
 * Level 4.0 Shields


You had 5 spell levels left.
You didn't know any spells.
Your spell library contained the following spells:

 Spells                   Type           Power        Failure   Level
 Animate Skeleton         Necr           0%           100%        1
 Apportation              Tloc           0%           100%        1
 Corona                   Hex            0%           100%        1
 Summon Small Mammal      Summ           0%           100%        1


Dungeon Overview and Level Annotations

Branches:
Dungeon (4/15)
 Temple: D:4-7

Altars:


Innate Abilities, Weirdness & Mutations

You are resistant to torment.
Your stone body is resilient. (AC +4)
You are immune to poison.
You resist negative energy. (rN+)
You are resistant to electric shocks. (rElec)
You can survive without breathing.
You are immune to petrification.
You are immune to miasma.


Message History

The orc priest hits you but does no damage.
The orc completely misses you.
The orc priest hits you but does no damage.
You block the orc priest's attack.
You sock the orc priest!
The orc priest is heavily wounded.
You block the orc priest's attack. The orc priest completely misses you.
The orc hits you but does no damage.
The orc priest invokes the aid of Beogh against you.
Beogh smites you!
* * * LOW HITPOINT WARNING * * *
You hit the orc priest.
The orc priest is severely wounded.
You block the orc priest's attack. The orc hits you but does no damage.
You block the orc priest's attack.
The orc priest hits you but does no damage.
The orc hits you but does no damage.
The orc priest calls down the wrath of Beogh upon you.
Beogh smites you!
You die...

##....###########....##..#
#....#### #....###.#
#.......# #....# #.#
####....# #.(..# #.#
#....# ##+### #.# #....#
#.# #.# #....# #.# #.#
##############.# #.##
.....oo@o.#####..#
##....oo#.......>#
#......#.########
#.....=#.# ########.# ..#
###


You could see 3 orc priests, an orc wizard (fast) and an orc.

Vanquished Creatures
  A phantom (D:4)
  A hound (D:4)
  An orc wizard (D:3)
  Terence (D:2)
  A worker ant (D:3)
  Robin (D:2)
  7 adders
  2 worms (D:3)
  An adder skeleton (D:4)
  A dart slug (D:2)
  7 leopard geckos
  6 orcs
  9 giant cockroaches
  20 goblins
  14 hobgoblins
  6 jackals
  5 kobolds
  A ball python (D:1)
  13 bats
  4 frilled lizards
  7 rats
109 creatures vanquished.

Notes
Turn   | Place    | Note
-------+----------+-------------------------------------------
     0 | D:1      | Amaterasu the Gargoyle Fighter began the quest for the Orb.
     0 | D:1      | Reached XP level 1. HP: 14/14 MP: 1/1
    56 | D:1      | Reached XP level 2. HP: 15/20 MP: 2/2
   399 | D:1      | You fall into a shaft and drop 1 floor!
   413 | D:1      | Reached XP level 3. HP: 24/24 MP: 3/3
  1128 | D:2      | Noticed Terence
  1144 | D:2      | Killed Terence
  1145 | D:2      | Reached XP level 4. HP: 29/30 MP: 4/4
  1165 | D:2      | Noticed Robin
  1244 | D:2      | Killed Robin
  1256 | D:2      | Reached XP level 5. HP: 9/34 MP: 5/5
  3008 | D:3      | Reached skill level 5 in Fighting
  3008 | D:3      | Reached skill level 5 in Maces & Flails
  3008 | D:3      | Reached XP level 6. HP: 40/40 MP: 6/6
  3698 | D:4      | Noticed a phantom
  3726 | D:4      | Killed a phantom
  3911 | D:4      | Killed from afar by an orc priest

Illustrated notes

Levels and vault maps discovered:
D:1:      mushboom_english_gardens, layout_basic, minmay_tetromino_o4
D:2:      layout_loops_ring, serial_aquarium, aquarium_bridge_square
          [aquarium_subvault_window, aquarium_subvault_wall,
          aquarium_subvault_bridge, aquarium_subvault_wall],
          aquarium_window_corridor_1, aquarium_window_fake, aquarium_view_2b,
          aquarium_balcony_double_4, uniq_robin, uniq_terence
D:3:      layout_basic
D:4:      layout_basic, kennysheep_slug_shrine

Skill      XL: |  1  2  3  4  5  6 |
---------------+-------------------+-----
Fighting       | 4 5 |  5.5
Maces & Flails | 3 4 5 |  5.0
Shields        | 4 |  4.0
Armour         | |  3.9

Action                   |  1- 3 |  4- 6 || total
-------------------------+-------+-------++-------
Melee: Flail             |   117 |   281 ||   398
  Use: Scroll            |     6 |     4 ||    10
       Potion            |       |     1 ||     1
Armor: Scale mail        |    36 |       ||    36
       Plate armour      |    43 |   218 ||   261
       Chain mail        |     1 |       ||     1
Dodge: Dodged            |    26 |    43 ||    69
Block: Kite shield       |    61 |   156 ||   217
